 Dungeon Crawl Stone Soup version 0.30.1-6-gbe392663c4 (webtiles) character file.

Game seed: 18113787287611228554

506 monsoonserge the Trooper (level 6, -4/48 HPs)
             Began as a Demonspawn Monk on Sept 20, 2023.
             Was a Believer of Fedhas.
             Slain by a hornet (11 damage)
             ... on level 5 of the Dungeon.
             The game lasted 00:11:00 (3506 turns).

monsoonserge the Trooper (Demonspawn Monk)          Turns: 3506, Time: 00:11:01

Health: -4/48      AC: 12    Str: 12    XL:     6   Next: 97%
Magic:  6/6        EV: 12    Int:  7    God:    Fedhas [**....]
Gold:   212        SH:  0    Dex: 17    Spells: 5/5 levels left

rFire   . . .        a - +2 dagger (vamp)
rCold   + + .        d - orb {light}
rNeg    . . .        h - +0 ring mail
rPois   .            q - +2 helmet
rElec   .            y - +0 cloak
rCorr   .            D - +0 pair of gloves
SInv    .            (no boots)
Will    .....        (no amulet)
Stlth   +            t - ring of Joy {Fly rC++ Int-4 Stlth+}
HPRegen 0.28/turn    (no ring)
MPRegen 0.10/turn

%: no passive effects
@: lethally poisoned (-4 -> -14), flying, slowed, glowing, very slow
A: icy blue scales 1, powered by death 1, spiny 1
a: Renounce Religion, Wall of Briars


You were on level 5 of the Dungeon.
You worshipped Fedhas.
Fedhas was pleased with you.
You visited 2 branches of the dungeon, and saw 6 of its levels.

You collected 212 gold pieces.

Inventory:

Hand Weapons
 a - a +2 vampiric dagger (weapon)
 b - a +0 sling
Missiles
 g - 14 poisoned darts (quivered)
Armour
 d - an orb of light (worn)
 h - a +0 ring mail (worn)
 k - a scarf of harm
 q - a +2 helmet (worn)
 y - a +0 cloak (worn)
 D - a +0 pair of gloves (worn)
 F - a +0 leather armour
 G - a +0 robe
Jewellery
 t - the ring of Joy (left hand) {Fly rC++ Int-4 Stlth+}
   (You found it on level 2 of the Dungeon)

   [ring of flight]

   Int:       It affects your intelligence (-4).
   rC:        It greatly protects you from cold.
   Fly:       It grants you flight.
   Stlth:     It makes you more stealthy.
Wands
 E - a wand of digging (5)
Scrolls
 e - 2 scrolls of enchant weapon {unknown}
 f - a scroll of identify {unknown}
 i - 2 scrolls of teleportation {unknown}
 l - a scroll of poison {unknown}
 m - 6 scrolls of fear {unknown}
 o - 4 scrolls of magic mapping {unknown}
 p - 2 scrolls of enchant armour {unknown}
 u - a scroll of blinking {unknown}
 v - a scroll of butterflies {unknown}
 B - a scroll of brand weapon {unknown}
 C - a scroll of noise {unknown}
Potions
 c - 2 potions of ambrosia
 j - a potion of resistance {unknown}
 n - a potion of flight {unknown}
 r - 3 potions of degeneration {unknown}
 s - a potion of invisibility
 w - 4 potions of curing
 x - a potion of attraction {unknown}
 z - a potion of haste {unknown}
 A - a potion of magic {unknown}


   Skills:
 + Level 4.1 Fighting
 + Level 3.0(3.8) Short Blades
 - Level 3.5(4.1) Long Blades
 + Level 2.8 Armour
 + Level 4.0 Dodging
 + Level 1.2 Stealth
 * Level 0.4 Invocations


You had 5 spell levels left.
You didn't know any spells.
Your spell library contained the following spells:

 Spells                   Type           Power      Damage    Failure   Level
 Kiss of Death            Conj/Necr      0%         2d5       71%         1
 Necrotise                Necr           0%         1d4       71%         1
 Slow                     Hex            0%         N/A       71%         1
 Blink                    Tloc           0%         N/A       83%         2
 Lesser Beckoning         Tloc           0%         N/A       83%         2
 Momentum Strike          Conj/Tloc      0%         3d8       83%         2
 Confusing Touch          Hex            0%         N/A       97%         3
 Ignite Poison            Fire/Tmut/Pois 0%         N/A       97%         3
 Vampiric Draining        Necr           0%         2d6       97%         3
 Dispel Undead            Necr           0%         3d6       100%        4
 Sticky Flame             Conj/Fire      0%         2d3       100%        4
 Ignition                 Fire           0%         3d3       100%        8


Dungeon Overview and Level Annotations

Branches:
Dungeon (5/15)             Temple (1/1) D:4

Altars:
Ashenzari
Cheibriados
Fedhas
Gozag
Hepliaklqana
Kikubaaqudgha
Makhleb
Nemelex Xobeh
Qazlal
Ru
Sif Muna
Trog
Wu Jian
Xom
Yredelemnul

Shops:
D:2 [


Innate Abilities, Weirdness & Mutations

You are partially covered in icy blue scales. (AC +2)
You regenerate a little health from kills.
You are partially covered in sharp spines.


Message History

The hornet is heavily wounded.
The hornet is struck by your spines. The hornet closely misses you.
The hornet barely misses you.
You hit the hornet.
You feel better.
The hornet is severely wounded.
The hornet stings you.
You are poisoned.
You feel as though you will be slow longer.
The hornet stings you.
You feel as though you will be slow longer.
You hit the hornet.
You feel better.
The hornet is severely wounded.
You feel very sick. The hornet closely misses you. The hornet stings you.
You feel as though you will be slow longer.
Unknown command.
You hit the hornet.
You feel better.
The hornet is severely wounded.
You feel sick. The hornet stings you.
You feel as though you will be slow longer.
The hornet is struck by your spines. The hornet completely misses you.
Unknown command.
You hit the hornet.
You feel better.
The hornet is almost dead.
You feel sick. The hornet closely misses you.
Unknown command.
You hit the hornet.
The hornet is almost dead.
You feel sick. The hornet stings you!
* * * LOW HITPOINT WARNING * * *
You are lethally poisoned!
You feel as though you will be slow longer.
The hornet barely misses you.
You hit the hornet.
You feel better.
The hornet is almost dead.
* * * LOW HITPOINT WARNING * * *
You feel very sick. The hornet stings you!
You die...
Fedhas appreciates your contribution to the ecosystem.

.................#
....#.....<........#
......>..###......##
......<. ##....##
..(.... ###....#
......#####......#
.............##..#
#..y....### ..#
#...@..## ..#
#.....### ...
#...##.. ..# #..
##.. .. ... #.. ..
.## . .# #


You could see a hornet.

Vanquished Creatures
  Grinder (D:3)
  An orc priest (D:3)
  Ijyb (D:4)
  2 orc wizards
  Robin (D:4)
  4 gnolls (D:4)
  5 adders
  4 worms
  4 dart slugs
  7 orcs
  5 endoplasms
  6 giant cockroaches
  13 goblins
  11 hobgoblins
  4 jackals (D:3)
  9 kobolds
  A quokka (D:1)
  5 ball pythons
  3 bats
  4 frilled lizards
  4 rats
95 creatures vanquished.

Notes
Turn   | Place    | Note
-------+----------+-------------------------------------------
     0 | D:1      | monsoonserge the Demonspawn Monk began the quest for the
                  | Orb.
     0 | D:1      | Reached XP level 1. HP: 18/18 MP: 1/1
   224 | D:1      | Gained mutation: You regenerate a little health from kills.
                  | [demonic ancestry]
   224 | D:1      | Reached XP level 2. HP: 24/24 MP: 2/2
   493 | D:1      | Gained mutation: You are partially covered in sharp spines.
                  | [demonic ancestry]
   493 | D:1      | Reached XP level 3. HP: 17/29 MP: 3/3
   607 | D:2      | Found a faded altar of an unknown god.
   628 | D:2      | Got Plato's Atlas of Ectoplasm
   666 | D:2      | Found Faticzan's Armour Boutique.
   666 | D:2      | Noticed an animated shadow dragon scales
   667 | D:2      | Noticed an animated gold dragon scales
   907 | D:2      | Reached XP level 4. HP: 35/35 MP: 4/4
   917 | D:2      | Identified the ring of Joy {Fly rC++ Int-4 Stlth+}
  1190 | D:3      | Found an opulent altar of Gozag.
  1222 | D:3      | Noticed Grinder
  1339 | D:3      | Reached skill level 1 in Armour
  1883 | D:3      | Reached skill level 1 in Short Blades
  1883 | D:3      | Gained mutation: You are partially covered in icy blue
                  | scales. (AC +2) [demonic ancestry]
  1883 | D:3      | Reached XP level 5. HP: 42/42 MP: 5/5
  1894 | D:3      | Paralysed by Grinder for 5 turns
  1903 | D:3      | Paralysed by Grinder for 5 turns
  1918 | D:3      | Killed Grinder
  1919 | D:3      | Reached skill level 1 in Stealth
  1919 | D:3      | Reached XP level 6. HP: 25/48 MP: 6/6
  2677 | D:4      | Found a staircase to the Ecumenical Temple.
  2695 | Temple   | Entered the Ecumenical Temple
  2927 | D:4      | Noticed Ijyb
  2953 | D:4      | Killed Ijyb
  3006 | Temple   | Became a worshipper of Fedhas Madash
  3006 | Temple   | Reached * piety under Fedhas
  3006 | Temple   | Reached ** piety under Fedhas
  3076 | D:4      | Noticed Robin
  3109 | D:4      | Killed Robin
  3469 | D:5      | Entered Level 5 of the Dungeon
  3489 | D:5      | Noticed a hornet
  3506 | D:5      | Slain by a hornet

Illustrated notes

Levels and vault maps discovered:
D:1:      amcnicky_arrival_single_pillar, layout_rooms, serial_park_tiny_2
D:2:      minmay_angry_zag, layout_basic, serial_shops, nicolae_shop_mannequins,
          shapermc_ecumenical_altar_rom_forum
D:3:      layout_basic, overflow_temple_1_default, grunt_ministairs_10,
          minmay_misc_feat_square, uniq_grinder
D:4:      layout_basic, minmay_temple_entry_offerings, minmay_stone_trees_small,
          uniq_robin, uniq_ijyb
D:5:      layout_layer_cave, nicolae_kite_square_tiling_tiny, uniq_eustachio
Temple:   nicolae_temple_slightly_damp_pantheon

Skill      XL: |  1  2  3  4  5  6 |
---------------+-------------------+-----
Long Blades    | 3 |  3.5
Dodging        | 3 4 |  4.0
Armour         | 1 2 |  2.8
Short Blades   | 1 2 3 |  3.0
Fighting       | 4 |  4.1
Stealth        | 1 |  1.2
Invocations    | |  0.4

Action                     |  1- 3 |  4- 6 || total
---------------------------+-------+-------++-------
  Melee: Falchion          |    67 |       ||    67
         Dagger            |    17 |   234 ||   251
   Fire: Sling             |       |     6 ||     6
  Throw: Dart              |       |     3 ||     3
    Use: Potion            |       |     1 ||     1
   Stab: Sleeping          |       |     1 ||     1
 Armour: Ring mail         |    37 |    71 ||   108
         Robe              |     1 |       ||     1
  Dodge: Dodged            |    63 |   104 ||   167
